 Dungeon Crawl Stone Soup version 0.31-a0-543-geaa9c7a2c0 (webtiles) character file.

Game seed: 1155889740423584747

683 Ethylacetat the Ducker (level 7, -1/50 HPs)
             Began as an Octopode Gladiator on Aug 15, 2023.
             Slain by Grinder (4 damage)
             ... on level 5 of the Dungeon.
             The game lasted 00:06:20 (4536 turns).

Ethylacetat the Ducker (Octopode Gladiator)         Turns: 4536, Time: 00:06:22

Health: -1/50      AC:  1    Str: 13    XL:     7   Next: 61%
Magic:  7/7        EV: 15    Int: 10    God:
Gold:   245        SH:  0    Dex: 16    Spells: 6/6 levels left

rFire   . . .        s - +2 dagger (venom)
rCold   . . .        (no shield)
rNeg    . . .        a - +0 hat
rPois   +            (no amulet)
rElec   .            h - ring of poison resistance
rCorr   .            (no ring)
SInv    .            (no ring)
Will    .....        (no ring)
Stlth   ++           (no ring)
HPRegen 0.28/turn    (no ring)
MPRegen 0.10/turn    (no ring)
                     (no ring)

%: no passive effects
@: no status effects
A: almost no armour, amphibious, 8 rings, camouflage 1, gelatinous body 1,
(nimble swimmer 1), tentacles
a: no special abilities


You were on level 5 of the Dungeon.
You visited 1 branch of the dungeon, and saw 5 of its levels.

You collected 245 gold pieces.

Inventory:

Hand Weapons
 s - a +2 dagger of venom (weapon)
Missiles
 b - 2 throwing nets (quivered)
 c - a javelin
Armour
 a - a +0 hat (worn)
Jewellery
 h - a ring of poison resistance (left tentacle)
Wands
 i - a wand of flame (12)
Scrolls
 e - 6 scrolls of identify {unknown}
 k - a scroll of torment {unknown}
 l - a scroll of fog {unknown}
 m - a scroll of teleportation {unknown}
 n - a scroll of noise {unknown}
 o - a scroll of fear {unknown}
 p - 2 scrolls of revelation {unknown}
 q - 2 scrolls of blinking {unknown}
Potions
 d - a potion of curing {unknown}
 f - 2 potions of lignification {unknown}
 g - a potion of cancellation
 j - a potion of berserk rage {unknown}
 r - a potion of ambrosia {unknown}
 t - a potion of might {unknown}


   Skills:
 + Level 5.0 Fighting
 - Level 2.0 Throwing
 + Level 5.5 Dodging
 + Level 5.4 Unarmed Combat


You had 6 spell levels left.
You didn't know any spells.
Your spell library contained the following spells:

 Spells                   Type           Power      Damage    Failure   Level
 Lesser Beckoning         Tloc           0%         N/A       50%         2
 Wereblood                Tmut           0%         N/A       50%         2
 Gell's Gravitas          Tloc           0%         N/A       75%         3
 Teleport Other           Tloc           0%         N/A       75%         3
 Irradiate                Conj/Tmut      0%         3d11      100%        5


Dungeon Overview and Level Annotations

Branches:
Dungeon (5/15)
 Temple: D:4-7

Altars:
Wu Jian

Shops:
D:4 (

Annotations:
D:5 Grinder


Innate Abilities, Weirdness & Mutations

You cannot wear most types of armour.
You are amphibious.
You can wear up to eight rings at the same time.
Your skin changes colour to match your surroundings (Stealth+).
Your rubbery body absorbs attacks. (AC +1, EV +1)
((You are camouflaged when in or above water. (Stealth+)))
You have tentacles for arms and can constrict up to eight enemies at once.


Message History

No target in view!
No target in view!
No target in view!
HP restored.
There is a stone staircase leading down here.
You now have 245 gold pieces (gained 10).
t - an inky potion No target in view!
Grinder comes into view.
Grinder is nearby!
Grinder is nearby!
Grinder shouts!
Grinder is nearby!
You hit Grinder but do no damage.
Grinder is poisoned.
You grab Grinder. You constrict Grinder. Grinder hits you!
Grinder is nearby!
You hit Grinder.
Grinder looks even sicker.
Grinder is lightly wounded.
You constrict Grinder. Grinder hits you!
You hit Grinder but do no damage.
Grinder is lightly wounded.
You constrict Grinder. Grinder hits you!
You are too injured to fight recklessly!
You are too injured to fight recklessly!
You are too injured to fight recklessly!
You are too injured to fight recklessly!
You hit Grinder but do no damage.
Grinder is moderately wounded.
You constrict Grinder. Grinder hits you!
* * * LOW HITPOINT WARNING * * *
You hit Grinder but do no damage.
Grinder looks as sick as possible!
Grinder is moderately wounded.
You constrict Grinder. Grinder closely misses you.
You hit Grinder.
Grinder looks as sick as possible!
You squeeze Grinder, but do no damage.
Grinder is heavily wounded.
You constrict Grinder. Grinder hits you!
* * * LOW HITPOINT WARNING * * *
You writhe in agony.
You die...

#. # ##.#########.#
####..........#.#
................#
#..............####
#..................
#..........@5......
####..................
......................
#........?....####
####..........#.# ..
#....#...######.# ..
#.####.#.# # .# ##.#
#.#.# .# #..# #.#.#


You could see Grinder (extremely poisoned).

Vanquished Creatures
  A yak (D:4)
  2 phantoms (D:4)
  A scorpion (D:4)
  A hound (D:4)
  Jessica (D:2)
  2 sleepcaps (D:4)
  Terence (D:2)
  An iguana (D:4)
  A hound skeleton (D:3)
  A gnoll (D:4)
  3 adders (D:2)
  A white imp (D:5)
  An ufetubus (D:4)
  An adder zombie (D:3)
  6 worms
  3 dart slugs
  9 orcs
  8 ball pythons
  6 bats
  9 endoplasms
  3 giant cockroaches
  7 goblins
  9 hobgoblins
  3 jackals
  3 quokkas (D:2)
  4 frilled lizards
  10 kobolds
  2 quokka skeletons (D:3)
  4 rats
104 creatures vanquished.

Notes
Turn   | Place    | Note
-------+----------+-------------------------------------------
     0 | D:1      | Ethylacetat the Octopode Gladiator began the quest for the
                  | Orb.
     0 | D:1      | Reached XP level 1. HP: 14/14 MP: 1/1
   183 | D:1      | Reached XP level 2. HP: 19/19 MP: 2/2
   190 | D:1      | Found a faded altar of an unknown god.
   473 | D:1      | Reached XP level 3. HP: 25/25 MP: 3/3
  1007 | D:2      | Noticed Jessica
  1019 | D:2      | Killed Jessica
  1020 | D:2      | Reached XP level 4. HP: 11/31 MP: 4/4
  1200 | D:2      | Noticed Terence
  1214 | D:2      | Killed Terence
  1215 | D:2      | Reached XP level 5. HP: 3/36 MP: 5/5
  2889 | D:3      | Found an ornate altar of the Wu Jian Council.
  3021 | D:4      | Noticed a phantom
  3037 | D:4      | Killed a phantom
  3038 | D:4      | Reached XP level 6. HP: 31/43 MP: 6/6
  3277 | D:4      | Noticed a yak
  3325 | D:4      | Killed a yak
  3326 | D:4      | Reached skill level 5 in Dodging
  3326 | D:4      | Reached skill level 5 in Unarmed Combat
  3326 | D:4      | Reached XP level 7. HP: 25/49 MP: 7/7
  3337 | D:4      | HP: 2/49 [worm (11)]
  3670 | D:4      | Found Niyphad's Weapon Shoppe.
  3688 | D:4      | Reached skill level 5 in Fighting
  4431 | D:5      | Entered Level 5 of the Dungeon
  4526 | D:5      | Noticed Grinder
  4536 | D:5      | Slain by Grinder

Illustrated notes

Levels and vault maps discovered:
D:1:      mrwooster_arrival_statue_3, layout_loops_ring,
          chequers_ecumenical_altar_simple_redux,
          chequers_serial_rivers_small_a, supply_closet_lemuel
D:2:      minmay_skewed_foursquare, layout_basic, minmay_misc_feat_columns,
          uniq_jessica, uniq_terence
D:3:      layout_loops_corners, nicolae_wu_jian_immortal_techniques,
          serial_undead, serial_undead_e, serial_undead_b, serial_undead_c,
          serial_undead_d, corexii_shack
D:4:      layout_basic, serial_shops, nicolae_shop_bloodbath_and_beyond,
          nzn_random_ring
D:5:      layout_rooms, uniq_grinder

Skill      XL: |  1  2  3  4  5  6  7 |
---------------+----------------------+-----
Fighting       | 3 4 5 |  5.0
Dodging        | 4 5 |  5.5
Unarmed Combat | 4 5 |  5.4
Throwing       | |  2.0

Action                     |  1- 3 |  4- 6 |  7- 9 || total
---------------------------+-------+-------+-------++-------
  Melee: Unarmed           |    66 |    50 |       ||   116
         Constrict         |    19 |    34 |    11 ||    64
         Tentacles         |    13 |    34 |    13 ||    60
         Punch             |     1 |     5 |     1 ||     7
         Short sword       |       |   102 |    31 ||   133
         Dagger            |       |       |    19 ||    19
  Throw: Throwing net      |       |     1 |       ||     1
  Evoke: Wand              |       |     3 |     3 ||     6
    Use: Potion            |       |     2 |       ||     2
   Stab: Sleeping          |    11 |     8 |     1 ||    20
         Distracted        |       |     1 |       ||     1
         Invisible         |       |     2 |     2 ||     4
 Armour: Skin              |     4 |    11 |     2 ||    17
  Dodge: Dodged            |    31 |    85 |    36 ||   152

Table legend: (Time is in decaauts)
 A = Elapsed time spent in this place.
 B = Non-inter-level travel time spent in this place.
 C = Inter-level travel time spent in this place.
 D = Time resting spent in this place.
 E = Time spent auto-exploring this place.
 F = Levels seen in this place.
 G = Mean time per level.
                   A        B        C        D        E       F      G
               +--------+--------+--------+--------+--------+-----+--------+
         Total |   4525 |   4317 |    208 |      7 |   3553 |   5 |  905.0 |
       Dungeon |   4525 |   4317 |    208 |      7 |   3553 |   5 |  905.0 |
               +--------+--------+--------+--------+--------+-----+--------+

Top non-repeatable levels by time:
     D:4: 1483 daAuts
     D:2: 1191 daAuts
     D:3: 981 daAuts
     D:1: 765 daAuts
     D:5: 104 daAuts
